 Dungeon Crawl Stone Soup version 0.30.1-11-g7821555f0a (webtiles) character file.

Game seed: 10030981673331211578

109 Okkudo the Chopper (level 4, -10/39 HPs)
             Began as a Hill Orc Monk on Dec 2, 2023.
             Killed from afar by Blork the orc (12 damage)
             ... with a puff of flame
             ... on level 3 of the Dungeon.
             The game lasted 00:05:34 (2650 turns).

Okkudo the Chopper (Hill Orc Monk)                  Turns: 2650, Time: 00:05:34

Health: -10/39     AC: 10    Str: 15    XL:     4   Next: 89%
Magic:  0/4        EV:  4    Int: 10    God:
Gold:   153        SH:  0    Dex: 13    Spells: 3/3 levels left

rFire   . . .        a - +0 hand axe
rCold   . . .        d - orb {light}
rNeg    . . .        A - +0 plate armour
rPois   .            (no helmet)
rElec   .            (no cloak)
rCorr   .            (no gloves)
SInv    .            (no boots)
Will    .....        n - amulet of guardian spirit Stlth
                     (no ring)
HPRegen 0.26/turn    (no ring)
MPRegen 0.09/turn

%: guardian spirit
@: glowing
A: no striking features
a: no special abilities


You were on level 3 of the Dungeon.
You visited 1 branch of the dungeon, and saw 4 of its levels.

You collected 153 gold pieces.

Inventory:

Hand Weapons
 a - a +0 hand axe (weapon)
Missiles
 w - a throwing net (quivered)
Armour
 d - an orb of light (worn)
 A - a +0 plate armour (worn)
Jewellery
 g - an amulet of magic regeneration
 n - an amulet of guardian spirit (around neck)
Scrolls
 e - 3 scrolls of identify {unknown}
 h - 3 scrolls of blinking {unknown}
 l - a scroll of amnesia
 p - a scroll of enchant armour {unknown}
 r - a scroll of torment {unknown}
 u - a scroll of fog {unknown}
 x - a scroll of acquirement {unknown}
 y - 2 scrolls of silence {unknown}
 z - 4 scrolls of teleportation {unknown}
Potions
 c - a potion of ambrosia
 f - a potion of mutation {unknown}
 i - 2 potions of heal wounds {unknown}
 j - a potion of degeneration {unknown}
 k - a potion of curing {unknown}
 m - 2 potions of resistance {unknown}
 o - a potion of lignification {unknown}
 q - a potion of haste {unknown}
 t - a potion of attraction {unknown}
 v - a potion of brilliance {unknown}


   Skills:
 - Level 3.6 Fighting
 * Level 7.2 Axes
 - Level 2.4 Dodging


You had 3 spell levels left.
You didn't know any spells.
Your spell library contained the following spells:

 Spells                   Type           Power      Damage    Failure   Level
 Summon Ice Beast         Ice/Summ       0%         N/A       100%        4
 Summon Forest            Summ/Tloc      0%         N/A       100%        5
 Spellforged Servitor     Conj/Summ      0%         N/A       100%        7


Dungeon Overview and Level Annotations

Branches:
Dungeon (4/15)
 Temple: D:4-7

Altars:

Annotations:
D:3 Blork the orc


Message History

Okay, then.
Blork the orc gestures at you while chanting.
The puff of frost hits you but does no damage.
Blork the orc gestures at you while chanting.
The magic dart hits you.
Blork the orc gestures wildly while chanting.
Blork the orc seems to speed up.
Blork the orc casts a spell at you. The puff of frost hits you.
Blork the orc gestures at you while chanting.
The puff of flame hits you but does no damage.
Blork the orc casts a spell at you. The puff of flame hits you.
Sorry, you're not good enough to have a special ability.
Blork the orc completely misses you. Blork the orc attacks as you move away!
Blork the orc hits you but does no damage.
Blork the orc barely misses you.
Blork the orc hits you with a +0 war axe.
* * * LOW HITPOINT WARNING * * *
Blork the orc attacks as you move away!
Blork the orc hits you with a +0 war axe.
* * * LOW HITPOINT WARNING * * *
Blork the orc hits you with a +0 war axe.
* * * LOW HITPOINT WARNING * * *
Blork the orc hits you but does no damage.
Blork the orc attacks as you move away!
Blork the orc hits you but does no damage.
There is a stone staircase leading up here.
Blork the orc hits you with a +0 war axe!
* * * LOW HITPOINT WARNING * * *
Blork the orc miscasts a cantrip.
You climb upwards.
There is a stone staircase leading down here.
As you read the scroll labelled OPAMOI ZIVUA, it crumbles to dust.
It is a scroll of amnesia.
You feel forgetful for a moment.
Blork the orc gestures at you while chanting.
The puff of flame hits you!
You die...

#.#.###.## #...#
#.#.# #..# #...#
#.#.####.# #.###
#.#.#[.#.#######.#
#.#.##...........#
#.#.####.####.####
#.#.# #.# #.#
#.#.####.####.#####
#.#.#...........@.##
#.#..)........###o.##
#.#...........###...#
#...#.........#...#.#
#######..######.#.#.#
######..........#.#.#
.......#.#.#.#..#.#.#
...............##.#.#
....<..#.#.#.#.##.#.#


You could see Blork the orc (fast).

Vanquished Creatures
  An adder (D:2)
  4 gnolls (D:3)
  2 worms
  A dart slug (D:1)
  5 bats
  3 endoplasms
  A giant cockroach (D:2)
  3 goblins
  2 hobgoblins (D:1)
  6 quokkas
  8 ball pythons
  4 frilled lizards
  7 kobolds
  5 rats
52 creatures vanquished.

Notes
Turn   | Place    | Note
-------+----------+-------------------------------------------
     0 | D:1      | Okkudo the Hill Orc Monk began the quest for the Orb.
     0 | D:1      | Reached XP level 1. HP: 19/19 MP: 1/1
   215 | D:1      | Reached XP level 2. HP: 25/26 MP: 2/2
   277 | D:1      | Reached skill level 5 in Axes
   521 | D:1      | Reached XP level 3. HP: 31/31 MP: 3/3
  1078 | D:2      | Reached skill level 6 in Axes
  1454 | D:3      | Got the Teachings on the Serac and Bringing Forth
  1572 | D:3      | Reached XP level 4. HP: 28/39 MP: 1/4
  1587 | D:3      | Reached skill level 7 in Axes
  2602 | D:4      | Noticed Blork the orc
  2648 | D:4      | HP: 1/39 [Blork the orc/+0 war axe (8)]
  2650 | D:3      | Killed from afar by Blork the orc

Illustrated notes

Levels and vault maps discovered:
D:1:      scummos_arrival_simple_fountains, layout_loops_cross,
          minmay_box_of_dots
D:2:      layout_basic
D:3:      layout_rooms, serial_co_window_serial, co_window_corner_a,
          co_window_of_opportunity_a, co_window_paths_a, co_window_paths_a,
          co_window_paths_a, co_window_cross_1, co_window_paths_c,
          co_window_corner_ca, co_window_corner_ca, co_window_cross_3,
          co_window_paths_d, co_window_4corner_a, glass_columns_a,
          glass_columns_b, glass_columns_c
D:4:      layout_gridville, nicolae_overflow_hidden_temple, due_unseen_surprise,
          uniq_blork_the_orc, uniq_robin

Skill      XL: |  1  2  3  4 |
---------------+-------------+-----
Axes           | 5 6 7 |  7.2
Fighting       | |  3.6
Dodging        | |  2.4

Action                     |  1- 3 |  4- 6 || total
---------------------------+-------+-------++-------
  Melee: Hand axe          |   104 |    34 ||   138
  Throw: Dart              |       |     2 ||     2
    Use: Scroll            |       |     1 ||     1
 Armour: Robe              |     3 |       ||     3
         Scale mail        |    37 |       ||    37
         Chain mail        |     9 |     8 ||    17
         Plate armour      |       |     5 ||     5
  Dodge: Dodged            |    59 |     8 ||    67
